 Dungeon Crawl Stone Soup version 0.20-a0-270-g8e735b6 (webtiles) character file.

218 AlphabetPasta the Magician (level 5, -8/35 HPs)
             Began as a Demonspawn Wizard on Dec 10, 2016.
             Mangled by a gnoll
             ... wielding a +0 flail
              (10 damage)
             ... on level 3 of the Dungeon.
             The game lasted 00:17:56 (4090 turns).

AlphabetPasta the Magician (Demonspawn Wizard)      Turns: 4090, Time: 00:17:56

Health: -8/35      AC:  3    Str:  7    XL:     5   Next: 63%
Magic:  10/12      EV: 12    Int: 21    God:
Gold:   114        SH:  0    Dex: 11    Spells: 1/14 levels left

rFire  + . .     SeeInvis .     g - +0 trident
rCold  . . .     Gourm    .     a - +0 robe
rNeg   . . .     Faith    .     (no shield)
rPois  .         Spirit   .     b - +0 hat
rElec  .         Reflect  .     (no cloak)
rCorr  .         Harm     .     (no gloves)
MR     .....                    n - +0 pair of boots
Stlth  ++........               (no amulet)
                                (no ring)
                                (no ring)

@: very slightly contaminated, repel missiles
A: hooves 1, fire resistance 1, flame cloud immunity
a: no special abilities


You were on level 3 of the Dungeon.
You were not hungry.

You visited 1 branch of the dungeon, and saw 3 of its levels.

You collected 114 gold pieces.

Inventory:

Hand Weapons
 f - a +0 dagger
 g - a +0 trident (weapon)
 i - a +0 spear
Armour
 a - a +0 robe (worn)
 b - a +0 hat (worn)
 n - a +0 pair of boots (worn)
Jewellery
 j - a +4 ring of protection {unknown}
 o - an uncursed ring of fire {unknown}
Scrolls
 e - 6 scrolls of identify
 h - a scroll of amnesia
 p - a scroll of remove curse {unknown}
 q - a scroll of fog {unknown}
Books
 c - a book of Minor Magic

   Spells                             Type                      Level
   a - Magic Dart                     Conjuration                  1
   b - Blink                          Translocation                2
   c - Call Imp                       Summoning                    2
   d - Repel Missiles                 Charms/Air                   2
   e - Slow                           Hexes                        2
   f - Conjure Flame                  Conjuration/Fire             3
   g - Mephitic Cloud                 Conjuration/Poison/Air       3
Comestibles
 d - 2 bread rations
 l - 4 fruits


   Skills:
 - Level 1.7 Dodging
 - Level 1.7 Stealth
 * Level 5.1 Spellcasting
 + Level 3.3 Conjurations
 - Level 1.0 Summonings
 - Level 0.8 Translocations


You had one spell level left.
You knew the following spells:

 Your Spells              Type           Power        Failure   Level  Hunger
a - Magic Dart            Conj           ###.         2%          1    None
b - Blink                 Tloc           N/A          12%         2    None
c - Call Imp              Summ           #.......     12%         2    None
d - Repel Missiles        Chrm/Air       #.....       17%         2    None
e - Conjure Flame         Conj/Fire      ##......     21%         3    ##.....
f - Mephitic Cloud        Conj/Pois/Air  ##......     24%         3    ##.....


Dungeon Overview and Level Annotations

Branches:
Dungeon (3/15)

Altars:
Dithmenos
Hepliaklqana
Kikubaaqudgha
Vehumet
Zin
The Shining One


Innate Abilities, Weirdness & Mutations

You have large cloven feet.
Your flesh is heat resistant. (rF+)
You are immune to clouds of flame.


Message History

Your crimson imp barely misses the gnoll shaman.
The gnoll hits your crimson imp with a spear.
The gnoll closely misses you.
The gnoll hits your crimson imp with a spear!
Your crimson imp dies!
The gnoll misses you. The gnoll closely misses you.
The gnoll barely misses you. The gnoll closely misses you.
The gnoll closely misses you. The gnoll hits you but does no damage.
You flicker for a moment.
The gnoll hits you with a flail!
* * * LOW HITPOINT WARNING * * *
The gnoll closely misses you.
You see here a spear.
The gnoll closely misses you.
You flicker back into view.
The gnoll is no longer moving quickly. x2; The gnoll hits you with a flail!
You die...

##### ##...# #..)..
########.....
#.....)......
#.#######....
######.# ##.#.
#...<..# #.#.
#@###### #.#(
####g#############...
#...........g.......#
#.##.#####.....)....(
#.##g..(....########.
#.##g#####..# #.
#.##...###..# #.
#.##....##..# #.
#.##.....#..########.


You could see a gnoll shaman and 2 gnolls.

Vanquished Creatures
  The ghost of RexxRaptorr the Insei, an amateur OpTm (D:3)
  2 adders (D:3)
  4 gnolls
  2 oozes (D:1)
  4 worms (D:2)
  A dart slug (D:2)
  A leopard gecko (D:2)
  12 bats
  5 giant cockroaches
  5 goblins
  6 hobgoblins
  2 quokkas (D:3)
  A ball python (D:1)
  2 frilled lizards (D:1)
  5 kobolds
  3 rats
56 creatures vanquished.

Vanquished Creatures (collateral kills)
  A crimson imp (D:2)
  2 worms (D:2)
3 creatures vanquished.

Grand Total: 59 creatures vanquished

Notes
Turn   | Place    | Note
-------+----------+-------------------------------------------
     0 | D:1      | AlphabetPasta the Demonspawn Wizard began the quest for the Orb.
     0 | D:1      | Reached XP level 1. HP: 13/13 MP: 4/4
   395 | D:1      | Gained mutation: Your flesh is heat resistant. (rF+) [demonic ancestry]
   395 | D:1      | Reached XP level 2. HP: 18/19 MP: 0/6
   406 | D:1      | Learned a level 2 spell: Blink
   409 | D:1      | Learned a level 2 spell: Call Imp
   412 | D:1      | Learned a level 2 spell: Repel Missiles
  1100 | D:1      | Gained mutation: You are immune to clouds of flame. [demonic ancestry]
  1100 | D:1      | Reached XP level 3. HP: 2/24 MP: 1/8
  1809 | D:2      | Reached skill level 4 in Spellcasting
  2399 | D:2      | HP: 1/24 [worm (9)]
  2658 | D:2      | Gained mutation: You have large cloven feet. [demonic ancestry]
  2658 | D:2      | Reached XP level 4. HP: 27/30 MP: 7/10
  2866 | D:3      | Learned a level 2 spell: Repel Missiles
  2870 | D:3      | Learned a level 3 spell: Conjure Flame
  2893 | D:3      | Noticed RexxRaptorr's ghost (amateur OpTm)
  3327 | D:3      | Killed RexxRaptorr's ghost
  3327 | D:3      | Reached skill level 5 in Spellcasting
  3327 | D:3      | Reached XP level 5. HP: 9/35 MP: 4/12
  3674 | D:3      | Found an ancient bone altar of Kikubaaqudgha.
  3676 | D:3      | Found a glowing silver altar of Zin.
  3678 | D:3      | Found a glowing golden altar of the Shining One.
  3680 | D:3      | Found a hazy altar of Hepliaklqana.
  3680 | D:3      | Found a shadowy altar of Dithmenos.
  3685 | D:3      | Found a radiant altar of Vehumet.
  4049 | D:3      | Learned a level 3 spell: Mephitic Cloud
  4083 | D:3      | HP: 1/35 [gnoll/flail (12)]
  4090 | D:3      | Mangled by a gnoll

Vault maps used:
D:1:      dpeg_arrival_stone_temple_mockup
D:3:      minitemple

Skill      XL: |  1  2  3  4 |
---------------+-------------+-----
Conjurations   | 2 3 |  3.3
Spellcasting   | 4 5 |  5.1
Dodging        | |  1.7
Stealth        | |  1.7
Summonings     | |  1.0
Translocations | |  0.8

Action                   |  1- 3 |  4- 6 || total
-------------------------+-------+-------++-------
Melee: Unarmed           |    30 |       ||    30
       Dagger            |     3 |       ||     3
       Spear             |    58 |     5 ||    63
       Trident           |       |    10 ||    10
 Cast: Magic Dart        |   125 |    62 ||   187
       Call Imp          |     2 |     4 ||     6
       Repel Missiles    |     1 |     2 ||     3
  Use: Potion            |     1 |     1 ||     2
       Scroll            |       |     5 ||     5
  Eat: Chunk             |     5 |     5 ||    10
Armor: Robe              |    22 |    10 ||    32
Dodge: Dodged            |    55 |    21 ||    76
       Deflected         |       |     1 ||     1
